Sabres vs Bruins

Created - 14 mars 2024 at 06:58

Goals
1 2 3 T
Sabres 1 2 0 3
Bruins 1 1 4 6
Shots
1 2 3 T
Sabres 12 15 10 37
Bruins 7 10 22 39

GoalsPenalties
1st period
1. Sabres , Seth Jarvis 11 (Jeremy Lauzon 9, Nicklas Backstrom 23) at 8:29
2. Bruins , Brady Tkachuk 30 (Claude Giroux 33, Alexis Lafreniere 15) at 15:11
David Perron (BUF) for Slashing (Minor) at 17:41
2nd period
3. Bruins , Taylor Raddysh 16 (Nico Hischier 37, Nikita Zaitsev 11) at 1:01
4. Sabres , Clayton Keller 33 (Anze Kopitar 36, Rasmus Sandin 7) at 7:45
5. Sabres , Thomas Novak 17 (Zach Hyman 34, David Perron 23) at 17:37
No Penalty
3rd period
6. Bruins , Anthony Mantha 7 (Mason Marchment 7, Seth Jones 29) at 3:41
7. Bruins , Taylor Raddysh 17 (Nico Hischier 38, Jared Spurgeon 15) at 12:12
8. Bruins , Taylor Raddysh 18 (Morgan Frost 31, Nico Hischier 39) at 17:30
9. Bruins , Anthony Mantha 8 (Mason Marchment 8, Nikita Zaitsev 12) at 17:44
Matt Dumba (BOS) for Roughing (Minor) at 17:52
Goalie Stats
Elvis Merzlikins (BUF), 33 saves from 39 shots - (0,846), L, 20-16-0, 60:00 minutes
Ilya Samsonov (BOS), 34 saves from 37 shots - (0,919), W, 18-17-4, 60:00 minutes
3 StarsOfficial
1 - Taylor Raddysh (BOS)
2 - Anthony Mantha (BOS)
3 - Nico Hischier (BOS)
Referees : Jake Brenk and Marc Joannette
Linesman : Robb Harrell and Andrew Smith
Game Note
Taylor Raddysh has scored a Hat Trick!
Finance
Level 1 -- Attendance: 5544 (92,40%) -- Ticket Income $554,400
Level 2 -- Attendance: 4314 (86,28%) -- Ticket Income $258,840
Level 3 -- Attendance: 1918 (95,90%) -- Ticket Income $67,130
Level 4 -- Attendance: 4000 (100,00%) -- Ticket Income $80,000
Luxury Box -- Attendance: 927 (92,70%) -- Ticket Income $185,400
Game was played at the Boston Garden.
Total Attendance: 16703 (92,79%)
Total Ticket Income: $1,145,770
Other Income: $561,427
Total Income: $1,707,197



Team Name Goals Shots Shots Attemp Shots Blocked PIM HIT PP PK FO%
Sabres 33781132240 / 1 (0%)049%
Bruins 63973152160 / 1 (0%)051%

Sabres
Player Name POS G A P +/- PIM HIT SHT SB MP PP MP PP SHT PK MP PK SHT FO% FOT GA TA
Alex ChiassonRW000-2011111:290:0001:040100% 100
Anze KopitarC0111001018:531:1900:54056% 1801
Clayton KellerLW/RW1011007018:111:1900:1200% 100
David PerronLW/RW0110243015:220:0000:0000% 000
Derek ForbortD0000020020:210:0001:0900% 000
Eeli TolvanenLW/RW000-2012011:050:4000:0000% 110
Filip HronekD000-3031423:411:2800:0000% 003
Ivan ProvorovD000-3032023:250:3100:5000% 000
Jakub VranaLW/RW000-2005015:021:2810:0000% 000
Jeremy LauzonD0110050120:210:0001:0900% 000
Marco ScandellaD0000021315:270:0000:5000% 011
Nicklas BackstromC011-2004014:140:4000:00063% 800
Rasmus SandinD0110001214:460:0000:0000% 000
Sam SteelC/LW/RW000-2010111:290:0000:59043% 700
Seth JarvisRW101-2004013:340:0000:000100% 101
Thomas NovakC1010002015:490:3100:00044% 1601
Trevor ZegrasC/LW0001002118:140:4000:4910% 110
Zach HymanLW/RW0110021016:371:1900:0000% 130
Bruins
Player Name POS G A P +/- PIM HIT SHT SB MP PP MP PP SHT PK MP PK SHT FO% FOT GA TA
Alexis LafreniereLW/RW0110022016:260:0000:00050% 220
Anthony ManthaLW/RW2021023015:380:5500:0000% 100
Brady TkachukC/LW1010033017:301:0400:0000% 101
Claude GirouxC/LW/RW0110010018:051:0400:34050% 2210
Dmitry KulikovD000-1000118:590:0000:5200% 010
Jacob Bernard-DockerD0003010217:500:0000:0000% 000
Jared SpurgeonD0111003221:411:0900:5200% 000
Mason MarchmentLW/RW0221004014:390:0000:0000% 010
Matt DumbaD000-1210319:160:5000:0000% 001
Maxime ComtoisLW000002408:320:0000:0000% 011
Morgan FrostC/LW0112013117:190:5500:0000% 000
Nico HischierC0332015117:461:0400:22045% 1101
Nikita ZaitsevD0223001420:120:5001:0700% 000
Paul StastnyC/LW000000108:320:0000:0000% 100
Ryan PoehlingC/LW/RW0001011115:540:0001:15065% 1701
Seth JonesD0111004022:021:0911:0700% 000
Taylor RaddyshC/LW/RW3032014017:520:5500:3200% 010
Zemgus GirgensonsC/LW/RW000000109:470:0001:1500% 001

Sabres

5 vs 5 Forward
Line #Left WingCenterRight WingPHYDFOFWanted %Time %Time Play
1Trevor ZegrasAnze KopitarClayton Keller0143030%16:40
2Zach HymanThomas NovakDavid Perron0232827%15:23
3Jakub VranaNicklas BackstromSeth Jarvis0232424%13:34
4Eeli TolvanenSam SteelAlex Chiasson1221819%10:25
5 vs 5 Defense
Line #DefenseDefensePHYDFOFWanted %Time %Time Play
1Ivan ProvorovFilip Hronek0233940%22:13
2Derek ForbortJeremy Lauzon0233634%19:17
3Marco ScandellaRasmus Sandin0322526%14:32
4Derek ForbortIvan Provorov12200%0:00
Power Play Forward
Line #Left WingCenterRight WingPHYDFOFWanted %Time %Time Play
1Clayton KellerAnze KopitarZach Hyman0055566%1:19
2Trevor ZegrasNicklas BackstromEeli Tolvanen0054534%0:40
Power Play Defense
Line #DefenseDefensePHYDFOFWanted %Time %Time Play
1Jakub VranaFilip Hronek0145574%1:28
2Thomas NovakIvan Provorov0144526%0:31
Penalty Kill 4 Players Forward
Line #CenterWingPHYDFOFWanted %Time %Time Play
1Sam SteelAlex Chiasson0505154%1:04
2Anze KopitarSam Steel0504946%0:55
Penalty Kill 4 Players Defense
Line #DefenseDefensePHYDFOFWanted %Time %Time Play
1Derek ForbortJeremy Lauzon0506058%1:09
2Ivan ProvorovMarco Scandella0504042%0:50
Penalty Kill 3 Players
Line #WingPHYDFOFWanted %Time %Time PlayDefenseDefensePHYDFOFWanted %Time %Time Play
1Anze Kopitar050600%0:00 Ivan ProvorovDerek Forbort050600%0:00
2Sam Steel050400%0:00 Marco ScandellaJeremy Lauzon050400%0:00
4 vs 4 Forward
Line #CenterWingPHYDFOFWanted %Time %Time Play
1Thomas NovakDavid Perron122500%0:00
2Sam SteelSeth Jarvis122500%0:00
4 vs 4 Defense
Line #DefensePHYDFOFWanted %Time %Time Play
1Ivan ProvorovFilip Hronek122550%0:00
2Derek ForbortJeremy Lauzon122450%0:00
Last Minutes Offensive
Left WingCenterRight WingDefenseDefense
Clayton KellerAnze KopitarZach HymanIvan ProvorovFilip Hronek
Last Minutes Defensive
Left WingCenterRight WingDefenseDefense
Clayton KellerAnze KopitarZach HymanDerek ForbortMarco Scandella
Time
Total ForwardTotal DefenseLast Minutes OffensiveLast Minutes Defensive
60:00 60:00 0:000:00
Extra Forwards
Normal PowerPlayPenalty Kill
Trevor Zegras, Nicklas Backstrom, Eeli TolvanenTrevor Zegras, Nicklas BackstromTrevor Zegras
Extra Defensemen
Normal PowerPlayPenalty Kill
Marco Scandella, Rasmus Sandin, Derek ForbortIvan Provorov, Ivan ProvorovRasmus Sandin
Penalty Shots
Trevor Zegras, Thomas Novak, Anze Kopitar, Nicklas Backstrom, David Perron
Goalie
Elvis Merzlikins, Mads Sogaard
Custom OT Lines Forwards
Anze Kopitar, Clayton Keller, Zach Hyman, David Perron, Trevor Zegras, Nicklas Backstrom, Eeli Tolvanen, Jakub Vrana, Seth Jarvis, Thomas Novak
Custom OT Lines Defensemen
Ivan Provorov, Filip Hronek, Derek Forbort, Jeremy Lauzon, Rasmus Sandin
Scratches
Ryan Reaves (Healthy)

Bruins

5 vs 5 Forward
Line #Left WingCenterRight WingPHYDFOFWanted %Time %Time Play
1Brady TkachukClaude GirouxAlexis Lafreniere0233029%16:27
2Morgan FrostNico HischierTaylor Raddysh0323029%16:24
3Mason MarchmentRyan PoehlingAnthony Mantha0232626%14:39
4Maxime ComtoisPaul StastnyZemgus Girgensons0321415%8:32
5 vs 5 Defense
Line #DefenseDefensePHYDFOFWanted %Time %Time Play
1Seth JonesJared Spurgeon1223535%19:40
2Dmitry KulikovMatt Dumba1223333%18:32
3Jacob Bernard-DockerNikita Zaitsev1223232%17:50
4Seth JonesMatt Dumba12200%0:00
Power Play Forward
Line #Left WingCenterRight WingPHYDFOFWanted %Time %Time Play
1Brady TkachukNico HischierClaude Giroux0055054%1:04
2Anthony ManthaMorgan FrostTaylor Raddysh0055046%0:55
Power Play Defense
Line #DefenseDefensePHYDFOFWanted %Time %Time Play
1Seth JonesJared Spurgeon0147558%1:09
2Matt DumbaNikita Zaitsev0142542%0:50
Penalty Kill 4 Players Forward
Line #CenterWingPHYDFOFWanted %Time %Time Play
1Ryan PoehlingZemgus Girgensons0506092%1:49
2Nico HischierTaylor Raddysh050408%0:10
Penalty Kill 4 Players Defense
Line #DefenseDefensePHYDFOFWanted %Time %Time Play
1Dmitry KulikovJared Spurgeon1405044%0:52
2Seth JonesNikita Zaitsev1405056%1:07
Penalty Kill 3 Players
Line #WingPHYDFOFWanted %Time %Time PlayDefenseDefensePHYDFOFWanted %Time %Time Play
1Ryan Poehling050500%0:00 Dmitry KulikovJared Spurgeon140500%0:00
2Nico Hischier050500%0:00 Seth JonesNikita Zaitsev140500%0:00
4 vs 4 Forward
Line #CenterWingPHYDFOFWanted %Time %Time Play
1Claude GirouxBrady Tkachuk122500%0:00
2Morgan FrostTaylor Raddysh122500%0:00
4 vs 4 Defense
Line #DefensePHYDFOFWanted %Time %Time Play
1Seth JonesMatt Dumba122500%0:00
2Jared SpurgeonDmitry Kulikov122500%0:00
Last Minutes Offensive
Left WingCenterRight WingDefenseDefense
Brady TkachukNico HischierClaude GirouxSeth JonesJared Spurgeon
Last Minutes Defensive
Left WingCenterRight WingDefenseDefense
Ryan PoehlingNico HischierClaude GirouxSeth JonesJared Spurgeon
Time
Total ForwardTotal DefenseLast Minutes OffensiveLast Minutes Defensive
60:00 60:00 0:000:00
Extra Forwards
Normal PowerPlayPenalty Kill
Zemgus Girgensons, Morgan Frost, Taylor RaddyshMorgan Frost, Taylor RaddyshTaylor Raddysh
Extra Defensemen
Normal PowerPlayPenalty Kill
Matt Dumba, Nikita Zaitsev, Seth JonesNikita Zaitsev, Matt DumbaSeth Jones
Penalty Shots
Brady Tkachuk, Paul Stastny, Claude Giroux, Alexis Lafreniere, Ryan Poehling
Goalie
Ilya Samsonov, Mackenzie Blackwood
Custom OT Lines Forwards
Claude Giroux, Brady Tkachuk, Nico Hischier, Alexis Lafreniere, Morgan Frost, Anthony Mantha, Taylor Raddysh, Ryan Poehling, Zemgus Girgensons, Paul Stastny
Custom OT Lines Defensemen
Seth Jones, Jared Spurgeon, Matt Dumba, Dmitry Kulikov, Jacob Bernard-Docker
Scratches
Sean Monahan (Right Leg Injury), Jakob Chychrun (Healthy)


Play-by-Play

1st period


0:01 of 1st period - Claude Giroux wins face-off versus Anze Kopitar in neutral zone.
0:54 of 1st period - Snap shot by Jakub Vrana.
0:54 of 1st period - Stopped by Ilya Samsonov without a rebound.
0:55 of 1st period - Ryan Poehling wins face-off versus Sam Steel in Bruins zone.
1:32 of 1st period - Snap shot by Nicklas Backstrom.
1:32 of 1st period - Shot Misses the Net.
1:34 of 1st period - Wrist shot by Seth Jarvis.
1:34 of 1st period - Shot Blocked by Jacob Bernard-Docker.
1:54 of 1st period - Wrist shot by David Perron.
1:54 of 1st period - Shot Misses the Net.
2:26 of 1st period - Alex Chiasson is hit by Brady Tkachuk and loses puck.
3:02 of 1st period - Snap shot by Morgan Frost.
3:02 of 1st period - Shot Misses the Net.
3:28 of 1st period - Anze Kopitar is hit by Matt Dumba and loses puck.
3:41 of 1st period - Ryan Poehling is hit by Jeremy Lauzon and loses puck.
4:08 of 1st period - Snap shot by Maxime Comtois.
4:08 of 1st period - Shot Blocked by Marco Scandella.
4:10 of 1st period - Snap shot by Maxime Comtois.
4:10 of 1st period - Deflect By Nicklas Backstrom.
4:10 of 1st period - Stopped by Elvis Merzlikins with a rebound.
4:12 of 1st period - Wrist shot by Matt Dumba.
4:12 of 1st period - Shot Misses the Net.
6:15 of 1st period - Ryan Poehling is hit by Zach Hyman and loses puck.
6:26 of 1st period - Slapshot by Alex Chiasson.
6:26 of 1st period - Shot Misses the Net.
7:07 of 1st period - Icing by Zemgus Girgensons.
7:08 of 1st period - Anze Kopitar wins face-off versus Paul Stastny in Bruins zone.
7:15 of 1st period - Wrist shot by Anze Kopitar.
7:15 of 1st period - Shot Misses the Net.
7:21 of 1st period - Slapshot by Paul Stastny.
7:21 of 1st period - Shot Blocked by Filip Hronek.
7:23 of 1st period - Wrist shot by Zemgus Girgensons.
7:23 of 1st period - Stopped by Elvis Merzlikins without a rebound.
7:24 of 1st period - Ryan Poehling wins face-off versus Thomas Novak in Sabres zone.
7:32 of 1st period - Icing by Filip Hronek.
7:33 of 1st period - Thomas Novak wins face-off versus Ryan Poehling in Sabres zone.
7:56 of 1st period - Snap shot by Thomas Novak.
7:56 of 1st period - Deflect By Zach Hyman.
7:56 of 1st period - Stopped by Ilya Samsonov without a rebound.
7:57 of 1st period - Anze Kopitar wins face-off versus Alexis Lafreniere in Bruins zone.
8:06 of 1st period - Jacob Bernard-Docker is hit by Jeremy Lauzon and loses puck.
8:25 of 1st period - Snap shot by Nicklas Backstrom.
8:25 of 1st period - Stopped by Ilya Samsonov with a rebound.
8:27 of 1st period - Slapshot by Jeremy Lauzon.
8:27 of 1st period - Shot Misses the Net.
8:29 of 1st period - Snap shot by Seth Jarvis.
8:29 of 1st period - Goal by Seth Jarvis - Sabres : 1 - Bruins : 0.
8:30 of 1st period - Claude Giroux wins face-off versus Zach Hyman in neutral zone.
8:43 of 1st period - Slapshot by David Perron.
8:43 of 1st period - Stopped by Ilya Samsonov with a rebound.
8:45 of 1st period - Slapshot by Ivan Provorov.
8:45 of 1st period - Stopped by Ilya Samsonov without a rebound.
8:46 of 1st period - Anze Kopitar wins face-off versus Nico Hischier in Bruins zone.
9:01 of 1st period - Wrist shot by Clayton Keller.
9:01 of 1st period - Stopped by Ilya Samsonov with a rebound.
9:03 of 1st period - Wrist shot by Clayton Keller.
9:03 of 1st period - Shot Misses the Net.
9:26 of 1st period - Jeremy Lauzon is hit by Anthony Mantha and loses puck.
9:37 of 1st period - Jacob Bernard-Docker is hit by Jeremy Lauzon and loses puck.
9:46 of 1st period - Wrist shot by Thomas Novak.
9:46 of 1st period - Stopped by Ilya Samsonov without a rebound.
9:47 of 1st period - Anze Kopitar wins face-off versus Nico Hischier in Bruins zone.
9:50 of 1st period - Snap shot by Anze Kopitar.
9:50 of 1st period - Shot Misses the Net.
9:52 of 1st period - Snap shot by Clayton Keller.
9:52 of 1st period - Shot Blocked by Dmitry Kulikov.
9:54 of 1st period - Slapshot by Marco Scandella.
9:54 of 1st period - Shot Misses the Net.
9:56 of 1st period - Backhand shot by Marco Scandella.
9:56 of 1st period - Shot Blocked by Matt Dumba.
9:58 of 1st period - Slapshot by Trevor Zegras.
9:58 of 1st period - Shot Misses the Net.
10:00 of 1st period - Slapshot by Rasmus Sandin.
10:00 of 1st period - Stopped by Ilya Samsonov without a rebound.
10:01 of 1st period - Claude Giroux wins face-off versus Thomas Novak in Bruins zone.
10:01 of 1st period - Claude Giroux is hit by David Perron.
10:17 of 1st period - Snap shot by Alexis Lafreniere.
10:17 of 1st period - Stopped by Elvis Merzlikins with a rebound.
10:27 of 1st period - Matt Dumba is hit by Eeli Tolvanen and loses puck.
10:54 of 1st period - Snap shot by Anze Kopitar.
10:54 of 1st period - Shot Misses the Net.
11:58 of 1st period - Snap shot by Anthony Mantha.
11:58 of 1st period - Stopped by Elvis Merzlikins with a rebound.
12:00 of 1st period - Snap shot by Nikita Zaitsev.
12:00 of 1st period - Shot Blocked by Filip Hronek.
13:02 of 1st period - Derek Forbort is hit by Claude Giroux and loses puck.
13:41 of 1st period - Nico Hischier is hit by David Perron and loses puck.
14:17 of 1st period - Ryan Poehling is hit by Filip Hronek and loses puck.
14:22 of 1st period - Wrist shot by Thomas Novak.
14:22 of 1st period - Shot Misses the Net.
14:36 of 1st period - Snap shot by David Perron.
14:36 of 1st period - Stopped by Ilya Samsonov without a rebound.
14:37 of 1st period - Anze Kopitar wins face-off versus Claude Giroux in Bruins zone.
14:51 of 1st period - Icing by Nikita Zaitsev.
14:52 of 1st period - Seth Jarvis wins face-off versus Claude Giroux in Bruins zone.
14:57 of 1st period - Snap shot by Nicklas Backstrom.
14:57 of 1st period - Shot Blocked by Nikita Zaitsev.
15:09 of 1st period - Snap shot by Claude Giroux.
15:09 of 1st period - Shot Blocked by Filip Hronek.
15:11 of 1st period - Slapshot by Brady Tkachuk.
15:11 of 1st period - Goal by Brady Tkachuk - Sabres : 1 - Bruins : 1.
15:12 of 1st period - Anze Kopitar wins face-off versus Nico Hischier in neutral zone.
15:15 of 1st period - Taylor Raddysh is hit by Derek Forbort and loses puck.
16:01 of 1st period - Nicklas Backstrom is hit by Jacob Bernard-Docker and loses puck.
16:28 of 1st period - Ivan Provorov is hit by Maxime Comtois and loses puck.
16:49 of 1st period - Snap shot by Anze Kopitar.
16:49 of 1st period - Shot Misses the Net.
16:51 of 1st period - Wrist shot by Trevor Zegras.
16:51 of 1st period - Stopped by Ilya Samsonov without a rebound.
16:52 of 1st period - Claude Giroux wins face-off versus Eeli Tolvanen in Bruins zone.
16:52 of 1st period - Claude Giroux is hit by Jeremy Lauzon.
17:04 of 1st period - Slapshot by Brady Tkachuk.
17:04 of 1st period - Deflect By Alexis Lafreniere.
17:04 of 1st period - Stopped by Elvis Merzlikins with a rebound.
17:41 of 1st period - Minor Penalty to David Perron for Slashing.
17:42 of 1st period - Nico Hischier wins face-off versus Sam Steel in Sabres zone.
17:44 of 1st period - Snap shot by Claude Giroux.
17:44 of 1st period - Shot Misses the Net.
17:52 of 1st period - Slapshot by Nico Hischier.
17:52 of 1st period - Shot Misses the Net.
17:54 of 1st period - Slapshot by Seth Jones.
17:54 of 1st period - Stopped by Elvis Merzlikins with a rebound.
18:08 of 1st period - Seth Jones is hit by Jeremy Lauzon and loses puck.
18:29 of 1st period - Snap shot by Trevor Zegras.
18:29 of 1st period - Stopped by Ilya Samsonov with a rebound.
19:41 of 1st period - Penalty to David Perron is over, David Perron is back on ice.
19:53 of 1st period - Snap shot by Jakub Vrana.
19:53 of 1st period - Shot Blocked by Matt Dumba.
Goals for this period are 1 for Sabres vs 1 for Bruins.
Shots for this period are 12 for Sabres vs 7 for Bruins.

2nd period


0:01 of 2nd period - Nico Hischier wins face-off versus Trevor Zegras in neutral zone.
0:47 of 2nd period - Wrist shot by Nico Hischier.
0:47 of 2nd period - Stopped by Elvis Merzlikins with a rebound.
0:49 of 2nd period - Slapshot by Dmitry Kulikov.
0:49 of 2nd period - Shot Misses the Net.
0:51 of 2nd period - Slapshot by Morgan Frost.
0:51 of 2nd period - Stopped by Elvis Merzlikins with a rebound.
0:53 of 2nd period - Slapshot by Nikita Zaitsev.
0:53 of 2nd period - Stopped by Elvis Merzlikins with a rebound.
1:01 of 2nd period - Slapshot by Taylor Raddysh.
1:01 of 2nd period - Goal by Taylor Raddysh - Sabres : 1 - Bruins : 2.
1:02 of 2nd period - Anze Kopitar wins face-off versus Claude Giroux in neutral zone.
1:06 of 2nd period - Off-side.
1:07 of 2nd period - Anze Kopitar wins face-off versus Brady Tkachuk in neutral zone.
1:10 of 2nd period - Snap shot by Trevor Zegras.
1:10 of 2nd period - Shot Blocked by Jared Spurgeon.
1:12 of 2nd period - Wrist shot by Trevor Zegras.
1:12 of 2nd period - Shot Blocked by Jared Spurgeon.
1:14 of 2nd period - Slapshot by Jeremy Lauzon.
1:14 of 2nd period - Deflect By Trevor Zegras.
1:14 of 2nd period - Shot Misses the Net.
1:14 of 2nd period - Puck is out of play.
1:15 of 2nd period - Ryan Poehling wins face-off versus Anze Kopitar in Bruins zone.
1:38 of 2nd period - Icing by Jared Spurgeon.
1:39 of 2nd period - Ryan Poehling wins face-off versus Thomas Novak in Bruins zone.
2:04 of 2nd period - Wrist shot by Brady Tkachuk.
2:04 of 2nd period - Shot Blocked by Marco Scandella.
2:28 of 2nd period - Slapshot by Seth Jarvis.
2:28 of 2nd period - Stopped by Ilya Samsonov with a rebound.
2:30 of 2nd period - Wrist shot by Jakub Vrana.
2:30 of 2nd period - Stopped by Ilya Samsonov without a rebound.
2:31 of 2nd period - Nicklas Backstrom wins face-off versus Claude Giroux in Bruins zone.
2:52 of 2nd period - Snap shot by Nicklas Backstrom.
2:52 of 2nd period - Stopped by Ilya Samsonov without a rebound.
2:53 of 2nd period - Ryan Poehling wins face-off versus Thomas Novak in Bruins zone.
3:00 of 2nd period - Snap shot by Anthony Mantha.
3:00 of 2nd period - Deflect By Ryan Poehling.
3:00 of 2nd period - Shot Blocked by Filip Hronek.
3:00 of 2nd period - Puck is out of play.
3:01 of 2nd period - Thomas Novak wins face-off versus Claude Giroux in Sabres zone.
3:01 of 2nd period - Thomas Novak is hit by Alexis Lafreniere.
3:17 of 2nd period - Claude Giroux is hit by David Perron and loses puck.
3:40 of 2nd period - Wrist shot by Morgan Frost.
3:40 of 2nd period - Shot Misses the Net.
3:45 of 2nd period - Icing by Zach Hyman.
3:46 of 2nd period - Thomas Novak wins face-off versus Ryan Poehling in Sabres zone.
4:01 of 2nd period - Wrist shot by Mason Marchment.
4:01 of 2nd period - Shot Misses the Net.
4:53 of 2nd period - Wrist shot by Paul Stastny.
4:53 of 2nd period - Stopped by Elvis Merzlikins with a rebound.
4:57 of 2nd period - Slapshot by Paul Stastny.
4:57 of 2nd period - Deflect By Maxime Comtois.
4:57 of 2nd period - Stopped by Elvis Merzlikins without a rebound.
4:58 of 2nd period - Anze Kopitar wins face-off versus Ryan Poehling in Sabres zone.
5:25 of 2nd period - Brady Tkachuk is hit by Sam Steel.
5:35 of 2nd period - Wrist shot by Alex Chiasson.
5:35 of 2nd period - Shot Blocked by Matt Dumba.
5:47 of 2nd period - Wrist shot by Jakub Vrana.
5:47 of 2nd period - Shot Misses the Net.
5:49 of 2nd period - Wrist shot by Nicklas Backstrom.
5:49 of 2nd period - Stopped by Ilya Samsonov without a rebound.
5:50 of 2nd period - Nicklas Backstrom wins face-off versus Nico Hischier in Bruins zone.
6:01 of 2nd period - Wrist shot by Taylor Raddysh.
6:01 of 2nd period - Deflect By Nico Hischier.
6:01 of 2nd period - Stopped by Elvis Merzlikins with a rebound.
6:59 of 2nd period - Slapshot by Filip Hronek.
6:59 of 2nd period - Shot Misses the Net.
7:01 of 2nd period - Wrist shot by Ivan Provorov.
7:01 of 2nd period - Stopped by Ilya Samsonov with a rebound.
7:20 of 2nd period - Nico Hischier is hit by Filip Hronek and loses puck.
7:45 of 2nd period - Snap shot by Clayton Keller.
7:45 of 2nd period - Goal by Clayton Keller - Sabres : 2 - Bruins : 2.
7:46 of 2nd period - Claude Giroux wins face-off versus Anze Kopitar in neutral zone.
7:55 of 2nd period - Wrist shot by Clayton Keller.
7:55 of 2nd period - Stopped by Ilya Samsonov with a rebound.
7:57 of 2nd period - Wrist shot by Clayton Keller.
7:57 of 2nd period - Shot Blocked by Nikita Zaitsev.
7:59 of 2nd period - Backhand shot by Jeremy Lauzon.
7:59 of 2nd period - Shot Blocked by Jacob Bernard-Docker.
8:01 of 2nd period - Snap shot by Clayton Keller.
8:01 of 2nd period - Stopped by Ilya Samsonov with a rebound.
8:03 of 2nd period - Slapshot by Jeremy Lauzon.
8:03 of 2nd period - Deflect By Clayton Keller.
8:03 of 2nd period - Shot Blocked by Nikita Zaitsev.
8:03 of 2nd period - Puck is out of play.
8:04 of 2nd period - Ryan Poehling wins face-off versus Sam Steel in Bruins zone.
8:17 of 2nd period - Snap shot by Seth Jones.
8:17 of 2nd period - Shot Blocked by Alex Chiasson.
8:29 of 2nd period - Morgan Frost is hit by Marco Scandella and loses puck.
9:30 of 2nd period - Eeli Tolvanen is hit by Ryan Poehling and loses puck.
9:54 of 2nd period - Snap shot by Nico Hischier.
9:54 of 2nd period - Shot Blocked by Trevor Zegras.
9:56 of 2nd period - Wrist shot by Nico Hischier.
9:56 of 2nd period - Stopped by Elvis Merzlikins with a rebound.
10:02 of 2nd period - Snap shot by Nico Hischier.
10:02 of 2nd period - Shot Blocked by Rasmus Sandin.
10:50 of 2nd period - Wrist shot by Mason Marchment.
10:50 of 2nd period - Stopped by Elvis Merzlikins with a rebound.
11:34 of 2nd period - Seth Jones is hit by Ivan Provorov and loses puck.
12:54 of 2nd period - Alexis Lafreniere is hit by Ivan Provorov and loses puck.
13:14 of 2nd period - Nicklas Backstrom is hit by Maxime Comtois and loses puck.
13:21 of 2nd period - Slapshot by Paul Stastny.
13:21 of 2nd period - Shot Misses the Net.
13:31 of 2nd period - Matt Dumba is hit by Alex Chiasson.
13:40 of 2nd period - Jared Spurgeon is hit by Ivan Provorov and loses puck.
13:57 of 2nd period - Seth Jones is hit by Marco Scandella and loses puck.
14:02 of 2nd period - Snap shot by Trevor Zegras.
14:02 of 2nd period - Deflect By Clayton Keller.
14:02 of 2nd period - Stopped by Ilya Samsonov with a rebound.
14:04 of 2nd period - Snap shot by Clayton Keller.
14:04 of 2nd period - Shot Blocked by Nico Hischier.
14:14 of 2nd period - Filip Hronek is hit by Brady Tkachuk and loses puck.
14:21 of 2nd period - Wrist shot by Claude Giroux.
14:21 of 2nd period - Deflect By Brady Tkachuk.
14:21 of 2nd period - Shot Misses the Net.
14:21 of 2nd period - Puck is out of play.
14:22 of 2nd period - Claude Giroux wins face-off versus Nicklas Backstrom in Sabres zone.
14:25 of 2nd period - Wrist shot by Brady Tkachuk.
14:25 of 2nd period - Deflect By Alexis Lafreniere.
14:25 of 2nd period - Shot Misses the Net.
14:25 of 2nd period - Puck is out of play.
14:26 of 2nd period - Nicklas Backstrom wins face-off versus Claude Giroux in Sabres zone.
14:26 of 2nd period - Nicklas Backstrom is hit by Alexis Lafreniere.
15:26 of 2nd period - Zach Hyman is hit by Morgan Frost and loses puck.
15:46 of 2nd period - Off-side.
15:47 of 2nd period - Sam Steel wins face-off versus Claude Giroux in neutral zone.
16:02 of 2nd period - Wrist shot by Eeli Tolvanen.
16:02 of 2nd period - Stopped by Ilya Samsonov with a rebound.
16:14 of 2nd period - Snap shot by Nico Hischier.
16:14 of 2nd period - Shot Misses the Net.
16:55 of 2nd period - Snap shot by Nicklas Backstrom.
16:55 of 2nd period - Shot Misses the Net.
16:57 of 2nd period - Backhand shot by Jakub Vrana.
16:57 of 2nd period - Shot Misses the Net.
17:03 of 2nd period - Snap shot by Jakub Vrana.
17:03 of 2nd period - Stopped by Ilya Samsonov with a rebound.
17:05 of 2nd period - Slapshot by Filip Hronek.
17:05 of 2nd period - Stopped by Ilya Samsonov without a rebound.
17:06 of 2nd period - Anze Kopitar wins face-off versus Nico Hischier in Bruins zone.
17:31 of 2nd period - Snap shot by David Perron.
17:31 of 2nd period - Shot Misses the Net.
17:33 of 2nd period - Wrist shot by Zach Hyman.
17:33 of 2nd period - Shot Misses the Net.
17:35 of 2nd period - Snap shot by Thomas Novak.
17:35 of 2nd period - Shot Misses the Net.
17:37 of 2nd period - Snap shot by Thomas Novak.
17:37 of 2nd period - Goal by Thomas Novak - Sabres : 3 - Bruins : 2.
17:38 of 2nd period - Thomas Novak wins face-off versus Ryan Poehling in neutral zone.
17:51 of 2nd period - Snap shot by Zach Hyman.
17:51 of 2nd period - Shot Misses the Net.
17:53 of 2nd period - Slapshot by Jeremy Lauzon.
17:53 of 2nd period - Shot Blocked by Nikita Zaitsev.
18:33 of 2nd period - Slapshot by Maxime Comtois.
18:33 of 2nd period - Stopped by Elvis Merzlikins without a rebound.
18:34 of 2nd period - Nico Hischier wins face-off versus Anze Kopitar in Sabres zone.
18:51 of 2nd period - Slapshot by Anze Kopitar.
18:51 of 2nd period - Stopped by Ilya Samsonov with a rebound.
19:07 of 2nd period - Snap shot by Seth Jarvis.
19:07 of 2nd period - Shot Misses the Net.
19:09 of 2nd period - Snap shot by Nicklas Backstrom.
19:09 of 2nd period - Stopped by Ilya Samsonov without a rebound.
19:10 of 2nd period - Ryan Poehling wins face-off versus Nicklas Backstrom in Bruins zone.
Goals for this period are 2 for Sabres vs 1 for Bruins.
Shots for this period are 15 for Sabres vs 10 for Bruins.

3rd period


0:01 of 3rd period - Ryan Poehling wins face-off versus Thomas Novak in neutral zone.
0:05 of 3rd period - Slapshot by Nikita Zaitsev.
0:05 of 3rd period - Deflect By Mason Marchment.
0:05 of 3rd period - Stopped by Elvis Merzlikins with a rebound.
0:07 of 3rd period - Snap shot by Mason Marchment.
0:07 of 3rd period - Stopped by Elvis Merzlikins with a rebound.
0:09 of 3rd period - Wrist shot by Ryan Poehling.
0:09 of 3rd period - Shot Misses the Net.
0:11 of 3rd period - Wrist shot by Nikita Zaitsev.
0:11 of 3rd period - Shot Misses the Net.
0:13 of 3rd period - Snap shot by Ryan Poehling.
0:13 of 3rd period - Stopped by Elvis Merzlikins without a rebound.
0:14 of 3rd period - Claude Giroux wins face-off versus Anze Kopitar in Sabres zone.
0:17 of 3rd period - Snap shot by Claude Giroux.
0:17 of 3rd period - Deflect By Brady Tkachuk.
0:17 of 3rd period - Stopped by Elvis Merzlikins without a rebound.
0:18 of 3rd period - Alexis Lafreniere wins face-off versus Anze Kopitar in Sabres zone.
1:50 of 3rd period - Snap shot by Seth Jones.
1:50 of 3rd period - Shot Misses the Net.
1:52 of 3rd period - Snap shot by Maxime Comtois.
1:52 of 3rd period - Stopped by Elvis Merzlikins with a rebound.
1:54 of 3rd period - Slapshot by Seth Jones.
1:54 of 3rd period - Stopped by Elvis Merzlikins with a rebound.
1:56 of 3rd period - Slapshot by Zemgus Girgensons.
1:56 of 3rd period - Shot Misses the Net.
3:08 of 3rd period - Snap shot by Seth Jarvis.
3:08 of 3rd period - Deflect By Jakub Vrana.
3:08 of 3rd period - Shot Misses the Net.
3:08 of 3rd period - Puck is out of play.
3:09 of 3rd period - Nico Hischier wins face-off versus Thomas Novak in Bruins zone.
3:31 of 3rd period - Icing by Ivan Provorov.
3:32 of 3rd period - Ryan Poehling wins face-off versus Nicklas Backstrom in Sabres zone.
3:39 of 3rd period - Wrist shot by Mason Marchment.
3:39 of 3rd period - Stopped by Elvis Merzlikins with a rebound.
3:41 of 3rd period - Snap shot by Anthony Mantha.
3:41 of 3rd period - Goal by Anthony Mantha - Sabres : 3 - Bruins : 3.
3:42 of 3rd period - Claude Giroux wins face-off versus Anze Kopitar in neutral zone.
3:47 of 3rd period - Snap shot by Brady Tkachuk.
3:47 of 3rd period - Stopped by Elvis Merzlikins with a rebound.
4:18 of 3rd period - Snap shot by Thomas Novak.
4:18 of 3rd period - Shot Blocked by Morgan Frost.
4:28 of 3rd period - Nicklas Backstrom is hit by Anthony Mantha and loses puck.
5:17 of 3rd period - Snap shot by Clayton Keller.
5:17 of 3rd period - Stopped by Ilya Samsonov with a rebound.
6:33 of 3rd period - Nikita Zaitsev is hit by David Perron and loses puck.
7:00 of 3rd period - Filip Hronek is hit by Brady Tkachuk and loses puck.
7:37 of 3rd period - Seth Jones is hit by Derek Forbort and loses puck.
8:17 of 3rd period - Mason Marchment is hit by Filip Hronek and loses puck.
8:35 of 3rd period - Off-side.
8:36 of 3rd period - Thomas Novak wins face-off versus Claude Giroux in neutral zone.
9:06 of 3rd period - Slapshot by Seth Jones.
9:06 of 3rd period - Stopped by Elvis Merzlikins with a rebound.
9:08 of 3rd period - Snap shot by Ryan Poehling.
9:08 of 3rd period - Shot Misses the Net.
9:10 of 3rd period - Slapshot by Seth Jones.
9:10 of 3rd period - Shot Misses the Net.
10:11 of 3rd period - Snap shot by Zach Hyman.
10:11 of 3rd period - Deflect By David Perron.
10:11 of 3rd period - Stopped by Ilya Samsonov with a rebound.
10:47 of 3rd period - Wrist shot by Seth Jarvis.
10:47 of 3rd period - Stopped by Ilya Samsonov with a rebound.
10:49 of 3rd period - Snap shot by Seth Jarvis.
10:49 of 3rd period - Stopped by Ilya Samsonov with a rebound.
10:51 of 3rd period - Slapshot by Jakub Vrana.
10:51 of 3rd period - Stopped by Ilya Samsonov with a rebound.
11:27 of 3rd period - Snap shot by Thomas Novak.
11:27 of 3rd period - Shot Misses the Net.
12:12 of 3rd period - Snap shot by Taylor Raddysh.
12:12 of 3rd period - Goal by Taylor Raddysh - Sabres : 3 - Bruins : 4.
12:13 of 3rd period - Claude Giroux wins face-off versus Thomas Novak in neutral zone.
12:20 of 3rd period - Snap shot by Brady Tkachuk.
12:20 of 3rd period - Shot Blocked by Jeremy Lauzon.
12:47 of 3rd period - Slapshot by Anze Kopitar.
12:47 of 3rd period - Shot Misses the Net.
12:49 of 3rd period - Wrist shot by Trevor Zegras.
12:49 of 3rd period - Shot Misses the Net.
12:51 of 3rd period - Snap shot by Clayton Keller.
12:51 of 3rd period - Shot Misses the Net.
13:24 of 3rd period - Snap shot by Paul Stastny.
13:24 of 3rd period - Shot Misses the Net.
14:05 of 3rd period - Ivan Provorov is hit by Nico Hischier and loses puck.
14:16 of 3rd period - Anze Kopitar is hit by Taylor Raddysh and loses puck.
15:19 of 3rd period - Snap shot by Clayton Keller.
15:19 of 3rd period - Stopped by Ilya Samsonov without a rebound.
15:20 of 3rd period - Alex Chiasson wins face-off versus Claude Giroux in Bruins zone.
15:29 of 3rd period - Snap shot by Eeli Tolvanen.
15:29 of 3rd period - Stopped by Ilya Samsonov without a rebound.
15:30 of 3rd period - Sam Steel wins face-off versus Claude Giroux in Bruins zone.
15:49 of 3rd period - Slapshot by Claude Giroux.
15:49 of 3rd period - Shot Blocked by Sam Steel.
16:15 of 3rd period - Slapshot by Alex Chiasson.
16:15 of 3rd period - Stopped by Ilya Samsonov without a rebound.
16:16 of 3rd period - Nicklas Backstrom wins face-off versus Ryan Poehling in Bruins zone.
16:29 of 3rd period - Wrist shot by Seth Jarvis.
16:29 of 3rd period - Shot Misses the Net.
16:31 of 3rd period - Snap shot by Marco Scandella.
16:31 of 3rd period - Stopped by Ilya Samsonov without a rebound.
16:32 of 3rd period - Nico Hischier wins face-off versus Thomas Novak in Bruins zone.
16:37 of 3rd period - Slapshot by Taylor Raddysh.
16:37 of 3rd period - Stopped by Elvis Merzlikins with a rebound.
16:39 of 3rd period - Snap shot by Morgan Frost.
16:39 of 3rd period - Stopped by Elvis Merzlikins with a rebound.
16:41 of 3rd period - Slapshot by Jared Spurgeon.
16:41 of 3rd period - Deflect By David Perron.
16:41 of 3rd period - Stopped by Elvis Merzlikins without a rebound.
16:42 of 3rd period - Thomas Novak wins face-off versus Nico Hischier in Sabres zone.
17:08 of 3rd period - Wrist shot by Morgan Frost.
17:08 of 3rd period - Stopped by Elvis Merzlikins with a rebound.
17:10 of 3rd period - Snap shot by Nico Hischier.
17:10 of 3rd period - Stopped by Elvis Merzlikins with a rebound.
17:12 of 3rd period - Wrist shot by Taylor Raddysh.
17:12 of 3rd period - Shot Misses the Net.
17:14 of 3rd period - Snap shot by Morgan Frost.
17:14 of 3rd period - Shot Blocked by Rasmus Sandin.
17:16 of 3rd period - Slapshot by Seth Jones.
17:16 of 3rd period - Stopped by Elvis Merzlikins with a rebound.
17:18 of 3rd period - Slapshot by Jared Spurgeon.
17:18 of 3rd period - Shot Blocked by Marco Scandella.
17:20 of 3rd period - Slapshot by Jared Spurgeon.
17:20 of 3rd period - Stopped by Elvis Merzlikins with a rebound.
17:22 of 3rd period - Wrist shot by Jared Spurgeon.
17:22 of 3rd period - Stopped by Elvis Merzlikins with a rebound.
17:24 of 3rd period - Slapshot by Nico Hischier.
17:24 of 3rd period - Shot Misses the Net.
17:26 of 3rd period - Snap shot by Nico Hischier.
17:26 of 3rd period - Stopped by Elvis Merzlikins with a rebound.
17:28 of 3rd period - Wrist shot by Morgan Frost.
17:28 of 3rd period - Shot Misses the Net.
17:30 of 3rd period - Wrist shot by Taylor Raddysh.
17:30 of 3rd period - Goal by Taylor Raddysh - Sabres : 3 - Bruins : 5.
17:31 of 3rd period - Sam Steel wins face-off versus Anthony Mantha in neutral zone.
17:44 of 3rd period - Wrist shot by Anthony Mantha.
17:44 of 3rd period - Goal by Anthony Mantha - Sabres : 3 - Bruins : 6.
17:45 of 3rd period - Thomas Novak wins face-off versus Claude Giroux in neutral zone.
17:49 of 3rd period - Off-side.
17:50 of 3rd period - Claude Giroux wins face-off versus Thomas Novak in neutral zone.
17:52 of 3rd period - Minor Penalty to Matt Dumba for Roughing.
17:53 of 3rd period - Ryan Poehling wins face-off versus Clayton Keller in Bruins zone.
18:01 of 3rd period - Jared Spurgeon is hit by Zach Hyman and loses puck.
18:09 of 3rd period - Icing by Zach Hyman.
18:10 of 3rd period - Ryan Poehling wins face-off versus Anze Kopitar in Sabres zone.
18:32 of 3rd period - Wrist shot by Anze Kopitar.
18:32 of 3rd period - Shot Misses the Net.
18:34 of 3rd period - Backhand shot by Zach Hyman.
18:34 of 3rd period - Shot Blocked by Ryan Poehling.
18:36 of 3rd period - Slapshot by Jakub Vrana.
18:36 of 3rd period - Deflect By Ryan Poehling.
18:36 of 3rd period - Stopped by Ilya Samsonov without a rebound.
18:37 of 3rd period - Nicklas Backstrom wins face-off versus Ryan Poehling in Bruins zone.
19:52 of 3rd period - Penalty to Matt Dumba is over, Matt Dumba is back on ice.
19:57 of 3rd period - Off-side.
19:58 of 3rd period - Claude Giroux wins face-off versus Sam Steel in neutral zone.
Goals for this period are 0 for Sabres vs 4 for Bruins.
Shots for this period are 10 for Sabres vs 22 for Bruins.




Output by the SimonT Hockey Simulator (STHS) for Eric Tremblay - Original Page W3C HTML5 Valid
Hockey Simulator - Hockey Simulation - Hockey Manager